 Dungeon Crawl Stone Soup version 0.29-a0-923-g6e406bff71 (webtiles) character file.

Game seed: 13098945825783255211

121 LynnLen the Magician (level 4, 0/37 HPs)
             Began as a Draconian Transmuter on July 28, 2022.
             Slain by an orc wizard
             ... wielding a +0 dagger
              (1 damage)
             ... on level 3 of the Dungeon.
             The game lasted 00:04:27 (1808 turns).

LynnLen the Magician (Draconian Transmuter)         Turns: 1808, Time: 00:04:28

Health: 0/37       AC:  5    Str: 13    XL:     4   Next: 76%
Magic:  9/9        EV: 12    Int: 15    God:
Gold:   59         SH:  0    Dex: 11    Spells: 6/9 levels left

rFire   . . .      SeeInvis .     - Unarmed
rCold   . . .      Faith    .   (no shield)
rNeg    . . .      Spirit   .   (body armour unavailable)
rPois   .          Reflect  .   (helmet restricted)
rElec   .          Harm     .   (no cloak)
rCorr   .          Rampage  .   (no gloves)
Will    .....                   (no boots)
Stlth   +.........              (no amulet)
HPRegen 0.12/turn               (no ring)
MPRegen 0.11/turn               (no ring)

@: mighty
A: AC +5, unfitting armour, cold-blooded
a: no special abilities


You were on level 3 of the Dungeon.
You visited 1 branch of the dungeon, and saw 3 of its levels.

You collected 59 gold pieces.

Inventory:

Jewellery
 d - a ring of willpower
Potions
 a - a potion of lignification
 b - 2 potions of haste
 f - a potion of degeneration {unknown}
 g - a potion of curing {unknown}


   Skills:
 * Level 2.4 Fighting
 + Level 2.4 Dodging
 - Level 3.0 Unarmed Combat
 * Level 3.4 Spellcasting
 + Level 2.6 Transmutations


You had 6 spell levels left.
You knew the following spells:

 Your Spells              Type           Power      Damage    Failure   Level
a - Beastly Appendage     Tmut           20%        N/A       7%          1
b - Wereblood             Tmut           10%        N/A       10%         2

Your spell library contained the following spells:

 Spells                   Type           Power      Damage    Failure   Level
 Spider Form              Tmut/Pois      6%         N/A       32%         3
 Ice Form                 Ice/Tmut       6%         N/A       73%         4


Dungeon Overview and Level Annotations

Branches:
Dungeon (3/15)

Altars:
Cheibriados


Innate Abilities, Weirdness & Mutations

Your plain brown scales are hard. (AC +5)
You cannot fit into any form of body armour.
You are cold-blooded and may be slowed by cold attacks.


Message History

You miss something. Something hits you.
You miss something.
Your tail-slap misses something.
An orc wizard appears from thin air!
Reactivating autopickup.
The orc wizard hits you but does no damage.
You hit the orc wizard but do no damage.
You tail-slap the orc wizard.
The orc wizard is heavily wounded.
The orc wizard barely misses you.
You hit the orc wizard but do no damage.
The orc wizard is heavily wounded.
The orc wizard gestures wildly while chanting.
The orc wizard flickers and vanishes!
Deactivating autopickup; reactivate with Ctrl-A.
You hit something.
Your tail-slap misses something.
Something hits you.
You closely miss something. Something hits you but does no damage.
You barely miss something.
You hear some strange, mumbled words.
You are confused.
You hear some strange, mumbled words.
A puff of flame appears from out of thin air!
The puff of flame hits you.
You're too confused to move!
You bump into the rock wall.
Something hits you.
You hear some strange, mumbled words.
A puff of flame appears from out of thin air!
The puff of flame hits you.
* * * LOW HITPOINT WARNING * * *
You bump into the rock wall.
You hear some strange, mumbled words.
A puff of flame appears from out of thin air!
The puff of flame hits you!
* * * LOW HITPOINT WARNING * * *
You bump into the rock wall.
You feel less confused. Something barely misses you.
It was a potion of might.
You feel very mighty all of a sudden. Something hits you.
You die...

#....# #. #########
#...#### #. #.......#
#.#....##### #.
###.......#
#.####.....###.
..........### ##.#
#####..##.
.##........)## ##..#
##.##.
..........#..####..####
#..#.
#.####.<..##..){......#
##...
....$#..########@####..#
###. .....#..# #.# ...o
#. [)..$#..# .!# ##o #.
._...#..# ..## #.
.....#..# ..# ##
.....#.†# #.# .....#..#
#. #^####..#####.#
..............#


There were no monsters in sight!

Vanquished Creatures
  Jessica (D:3)
  3 adders
  5 dart slugs
  5 orcs (D:3)
  3 ball pythons
  5 endoplasms
  A giant cockroach (D:1)
  4 goblins (D:2)
  7 hobgoblins
  5 kobolds
  A quokka (D:1)
  6 bats
  4 frilled lizards (D:1)
  3 rats (D:1)
53 creatures vanquished.

Notes
Turn   | Place    | Note
-------+----------+-------------------------------------------
     0 | D:1      | LynnLen the Draconian Transmuter began the quest for the
                  | Orb.
     0 | D:1      | Reached XP level 1. HP: 16/16 MP: 3/3
    68 | D:1      | Reached XP level 2. HP: 12/23 MP: 3/5
   874 | D:2      | Learned a level 2 spell: Wereblood
   884 | D:2      | Reached XP level 3. HP: 29/29 MP: 5/7
   997 | D:2      | Found a faded altar of an unknown god.
  1271 | D:2      | Identified the +2 ring mail "Toysiopp" {Harm *Corrode
                  | Stlth+}
  1354 | D:2      | Reached XP level 4. HP: 23/36 MP: 8/8
  1647 | D:3      | Found a snail-covered altar of Cheibriados.
  1652 | D:3      | Noticed Jessica
  1659 | D:3      | Killed Jessica
  1806 | D:3      | HP: 1/37 [something/puff of flame (7)]
  1808 | D:3      | Slain by an orc wizard

Illustrated notes

Levels and vault maps discovered:
D:1:      heliophobic_arrival_dark_side_of_the_moon, layout_rooms,
          ebering_dispersal_statue_hall
D:2:      layout_basic, basic_ecumenical_altar, kennysheep_generic_room_3
D:3:      layout_rooms, mainiacjoe_overflow_tiny_flanked, lemuel_tele_altar,
          nicolae_overflow_hidden_temple, uniq_jessica, uniq_robin, uniq_natasha

Skill      XL: |  1  2  3 |
---------------+----------+-----
Dodging        | 2 |  2.4
Fighting       | 2 |  2.4
Spellcasting   | 3 |  3.4
Unarmed Combat | |  3.0
Transmutations | |  2.6

Action                   |  1- 3 |  4- 6 || total
-------------------------+-------+-------++-------
Melee: Unarmed           |   109 |    51 ||   160
       Kick              |    16 |     7 ||    23
       Headbutt          |    13 |     4 ||    17
       Tailslap          |     6 |     7 ||    13
       Punch             |     1 |       ||     1
 Cast: Beastly Appendage |    17 |     4 ||    21
       Wereblood         |       |     1 ||     1
  Use: Scroll            |     3 |     1 ||     4
       Potion            |       |     1 ||     1
Armor: Skin              |    41 |    24 ||    65
Dodge: Dodged            |    79 |    20 ||    99

Table legend: (Time is in decaauts)
 A = Elapsed time spent in this place.
 B = Non-inter-level travel time spent in this place.
 C = Inter-level travel time spent in this place.
 D = Time resting spent in this place.
 E = Time spent auto-exploring this place.
 F = Levels seen in this place.
 G = Mean time per level.
                   A        B        C        D        E       F      G
               +--------+--------+--------+--------+--------+-----+--------+
         Total |   1801 |   1801 |      0 |    385 |    591 |   3 |  600.3 |
       Dungeon |   1801 |   1801 |      0 |    385 |    591 |   3 |  600.3 |
               +--------+--------+--------+--------+--------+-----+--------+

Top non-repeatable levels by time:
     D:1: 867 daAuts
     D:2: 756 daAuts
     D:3: 177 daAuts
